 Dungeon Crawl Stone Soup version 0.26.1-2-gb8aa6d0cf2 (webtiles) character file.

Game seed: 4139233708274737884

700 Electrofox the Chopper (level 7, -5/52 HPs)
             Began as a Formicid Fighter on Mar 12, 2021.
             Was a Follower of Okawaru.
             Slain by Menkaure (8 damage)
             ... on level 5 of the Dungeon on Mar 13, 2021.
             The game lasted 00:27:36 (5304 turns).

Electrofox the Chopper (Formicid Fighter)           Turns: 5304, Time: 00:27:37

Health: -5/52      AC:  9    Str: 23    XL:     7   Next: 98%
Magic:  5/7        EV: 12    Int:  7    God:    Okawaru [*.....]
Gold:   393        SH: 11    Dex: 10    Spells: 6/6 levels left

rFire    . . .     SeeInvis +   B - +2 whip (drain)
rCold    . . .     Faith    .   c - +0 kite shield
rNeg     . . .     Spirit   .   b - +0 scale mail
rPois    .         Reflect  .   (helmet unavailable)
rElec    .         Harm     .   A - scarf {repulsion}
rCorr    .         Rampage  .   (no gloves)
Will     .....                  u - +0 pair of boots
Stlth    +.........             (no amulet)
HPRegen  0.17/turn              r - ring of teleportation (curse)
MPRegen  0.10/turn              m - ring of see invisible (curse)

@: heroism, repel missiles
A: permanent stasis, dig shafts and tunnels, four strong arms, antennae 3
a: Dig, Shaft Self, Renounce Religion, Heroism


You were on level 5 of the Dungeon.
You worshipped Okawaru.
Okawaru was aware of your devotion.
You visited 1 branch of the dungeon, and saw 5 of its levels.

You collected 393 gold pieces.

Inventory:

Hand Weapons
 B - a +2 whip of draining (weapon)
Missiles
 g - 6 javelins
 l - 17 poisoned darts (quivered)
Armour
 b - a +0 scale mail (worn)
 c - a +0 kite shield (worn)
 u - a +0 pair of boots (worn)
 A - a scarf of repulsion (worn)
Jewellery
 k - an uncursed ring of flight
 m - a cursed ring of see invisible (right hand)
 r - a cursed ring of teleportation (left hand)
Wands
 w - a wand of acid (7)
Scrolls
 e - a scroll of immolation {unknown}
 h - 2 scrolls of enchant weapon {unknown}
 i - 3 scrolls of fog
 j - a scroll of random uselessness {unknown}
 p - 2 scrolls of remove curse
 q - a scroll of enchant armour {unknown}
 s - a scroll of summoning {unknown}
 t - a scroll of magic mapping {unknown}
 y - a scroll of identify {unknown}
 D - a scroll of amnesia {unknown}
 E - a scroll of blinking {unknown}
 F - a scroll of noise {unknown}
Potions
 a - a potion of lignification {unknown}
 d - 2 potions of might
 f - a potion of haste {unknown}
 n - a potion of mutation {unknown}
 o - a potion of curing {unknown}
 v - a potion of flight {unknown}
 x - a potion of degeneration {unknown}
 z - a potion of resistance {unknown}
 C - a potion of heal wounds {unknown}


   Skills:
 - Level 3.3(8.3) Fighting
 - Level 7.8(13.0) Axes
 + Level 2.5(10.5) Maces & Flails
 - Level 3.3(8.3) Armour
 - Level 3.7(8.7) Shields


You had 6 spell levels left.
You didn't know any spells.
Your spell library contained the following spells:

 Spells                   Type           Power        Failure   Level
 Animate Dead             Necr           0%           100%        4
 Borgnjor's Vile Clutch   Necr/Erth      0%           100%        5
 Death Channel            Necr           0%           100%        6
 Simulacrum               Ice/Necr       0%           100%        6


Dungeon Overview and Level Annotations

Branches:
Dungeon (5/15)
 Temple: D:4-7

Altars:
Gozag
Okawaru
Qazlal
Uskayaw
Xom

Annotations:
D:5 Menkaure


Innate Abilities, Weirdness & Mutations

You cannot be hasted, slowed, berserked, paralysed or teleported.
You can dig through walls and to a lower floor.
Your four strong arms can wield two-handed weapons with a shield.
You have a pair of large antennae on your head. (SInv)


Message History

Your body is wracked with pain!
Menkaure casts a spell at you. Pain shoots through your body!
Menkaure calls on the powers of darkness!
Your body is wracked with pain!
* * * LOW HITPOINT WARNING * * *
You block Menkaure's attack.
You hit Menkaure.
Menkaure is moderately damaged.
You hit Menkaure.
Menkaure is moderately damaged.
Menkaure grins.
Menkaure hits you!
* * * LOW HITPOINT WARNING * * *
You hit Menkaure.
Menkaure is heavily damaged.
You hit Menkaure.
Menkaure is severely damaged.
Menkaure hits you!
You die...

.....# .....##
##########.......
.................
.................
................ {
................
######....@M......
#....#....##'#####
#....+....# ..
#.......+
#....#....# ...
#.......#
#....#....#
...+.......#
#....#....####
..#.......#
#....#....#..##
.#.......#
#....#....#...#
#.......#
##....#....#...#
#.......#


You could see Menkaure.

Vanquished Creatures
  An ice beast (D:5)
  An ogre (D:4)
  A centaur (D:3)
  A bullfrog (D:3)
  A scorpion (D:4)
  An orc priest (D:4)
  A hound (D:5)
  An orc wizard (D:4)
  An iguana (D:4)
  2 worker ants
  Robin (D:3)
  6 adders
  An adder skeleton (D:5)
  A worm (D:3)
  A dart slug (D:1)
  A leopard gecko (D:3)
  11 orcs
  6 giant cockroaches
  12 goblins
  9 hobgoblins
  9 jackals
  A quokka (D:3)
  2 ball pythons
  7 bats
  5 frilled lizards
  3 kobolds
  3 leopard gecko skeletons
  A quokka skeleton (D:5)
  8 rats
99 creatures vanquished.

Notes
Turn   | Place    | Note
-------+----------+-------------------------------------------
     0 | D:1      | Electrofox the Formicid Fighter began the quest for the
                  | Orb.
     0 | D:1      | Reached XP level 1. HP: 18/18 MP: 1/1
   165 | D:1      | Reached XP level 2. HP: 24/24 MP: 2/2
   359 | D:1      | Reached skill level 3 in Axes
   949 | D:2      | Found a shimmering altar of Xom.
   976 | D:2      | Reached XP level 3. HP: 29/29 MP: 3/3
  1444 | D:2      | Reached skill level 4 in Axes
  1444 | D:2      | Reached XP level 4. HP: 35/35 MP: 4/4
  1684 | D:2      | Found an opulent altar of Gozag.
  2040 | D:3      | Found an iron altar of Okawaru.
  2069 | D:3      | Became a worshipper of Warmaster Okawaru
  2141 | D:3      | Found a hide-covered altar of Uskayaw.
  2281 | D:3      | Noticed a centaur
  2295 | D:3      | Killed a centaur
  2296 | D:3      | Reached skill level 5 in Axes
  2296 | D:3      | Reached XP level 5. HP: 13/41 MP: 5/5
  2832 | D:3      | Noticed Robin
  2847 | D:3      | Killed Robin
  2980 | D:3      | Noticed a bullfrog
  2991 | D:3      | Killed a bullfrog
  2991 | D:3      | Reached * piety under Okawaru
  2992 | D:3      | Reached skill level 6 in Axes
  2992 | D:3      | Reached XP level 6. HP: 41/47 MP: 6/6
  3591 | D:4      | Reached XP level 7. HP: 52/52 MP: 7/7
  3620 | D:4      | Reached skill level 7 in Axes
  3638 | D:4      | Found a stormy altar of Qazlal.
  4777 | D:5      | Entered Level 5 of the Dungeon
  5294 | D:5      | Noticed Menkaure
  5304 | D:5      | Slain by Menkaure

Illustrated notes

Levels and vault maps discovered:
D:1:      lemuel_arrival_room, layout_basic, minmay_worlds_worst_comb
D:2:      layout_rooms, nicolae_overflow_crystal_walls, lemuel_crystal_altar
D:3:      minmay_chambers_of_threes, layout_loops_cross, lemuel_crystal_altar,
          chequers_serial_rivers_large_a, hangedman_decor_lopped,
          okawaru_metal_pillars_1_2, uniq_robin
D:4:      layout_cave_pools, kennysheep_mini_moat, guppyfry_early_orc_mine
D:5:      layout_gridville, minmay_misc_feat_tiny, uniq_menkaure

Skill      XL: |  1  2  3  4  5  6  7 |
---------------+----------------------+-----
Axes           | 3 4 5 6 7 |  7.8
Maces & Flails | 2 |  2.5
Fighting       | |  3.3
Armour         | |  3.3
Shields        | |  3.7

Action                   |  1- 3 |  4- 6 |  7- 9 || total
-------------------------+-------+-------+-------++-------
Melee: War axe           |    96 |   171 |    62 ||   329
       Whip              |       |       |    44 ||    44
Throw: Dart              |     9 |    11 |     9 ||    29
Invok: Heroism           |       |       |     2 ||     2
  Use: Scroll            |       |     2 |     1 ||     3
Armor: Scale mail        |    51 |    45 |    29 ||   125
Dodge: Dodged            |    42 |    44 |    19 ||   105
Block: Kite shield       |    49 |    83 |    42 ||   174
